 Dungeon Crawl Stone Soup version 0.27-a0-1139-g28e009f8a6 (webtiles) character file.

Game seed: 10118976794490024154

2934 freelancePsychic the Fighter (level 9, -1/78 HPs)
             Began as a Gnoll Wanderer on May 7, 2021.
             Was an Initiate of Okawaru.
             Slain by a two-headed ogre
             ... wielding a +0 giant spiked club
              (12 damage)
             ... on level 8 of the Dungeon.
             The game lasted 00:14:00 (8784 turns).

freelancePsychic the Fighter (Gnoll Wanderer)       Turns: 8784, Time: 00:14:01

Health: -1/78      AC: 15    Str: 14    XL:     9   Next: 80%
Magic:  15/15      EV:  7    Int: 11    God:    Okawaru [......]
Gold:   251        SH:  0    Dex: 11    Spells: 17/17 levels left

rFire    . . .     SeeInvis +   b - +5 hunting sling of the Wilderness {flame, rElec rPois Int-2 SInv}
rCold    . . .     Faith    .   (no shield)
rNeg     . . .     Spirit   .   l - +3 chain mail {rPois}
rPois    +         Reflect  .   (no helmet)
rElec    +         Harm     .   s - +0 cloak
rCorr    .         Rampage  .   (no gloves)
Will     .....                  h - +0 pair of boots
Stlth    ..........             r - amulet of magic regeneration
HPRegen  0.23/turn              (no ring)
MPRegen  0.39/turn              (no ring)

@: no status effects
A: fangs 1, strong nose, distributed training
a: Renounce Religion


You were on level 8 of the Dungeon.
You worshipped Okawaru.
Okawaru was noncommittal.
You visited 2 branches of the dungeon, and saw 9 of its levels.

You collected 251 gold pieces.

Inventory:

Hand Weapons
 a - a +2 antimagic trident
 b - the +5 hunting sling of the Wilderness (weapon) {flame, rElec rPois Int-2 SInv}
   (You found it on level 4 of the Dungeon)

   It causes projectiles fired from it to burn those they strike, causing extra
   injury to most foes and up to half again as much damage against particularly
   susceptible opponents.
   It affects your intelligence (-2).
   It insulates you from electricity.
   It protects you from poison.
   It lets you see invisible.
 d - a +0 shortbow
Missiles
 g - 44 arrows
 k - 24 poisoned darts
 m - 114 stones (quivered ammo)
 p - 79 sling bullets
 v - a throwing net
 w - a curare-tipped dart
Armour
 h - a +0 pair of boots (worn)
 l - a +3 chain mail of poison resistance (worn)
 s - a +0 cloak (worn)
Jewellery
 r - an amulet of magic regeneration (around neck)
 t - a ring of magical power
Scrolls
 i - a scroll of blinking
 o - 2 scrolls of amnesia {unknown}
 q - 4 scrolls of teleportation {unknown}
 u - a scroll of magic mapping {unknown}
 y - 2 scrolls of enchant weapon {unknown}
Potions
 c - 3 potions of curing {@q1}
 e - 7 potions of heal wounds {@q2}
 f - a potion of ambrosia
 j - a potion of might {unknown}
 n - a potion of flight {unknown}
 x - a potion of lignification {unknown}


   Skills:
 + Level 9.7 Fighting
 + Level 4.6 Short Blades
 + Level 5.3 Long Blades
 + Level 4.6 Axes
 + Level 4.6 Maces & Flails
 + Level 6.5 Polearms
 + Level 4.6 Staves
 + Level 4.6 Slings
 + Level 4.6 Bows
 + Level 4.6 Crossbows
 + Level 5.3 Throwing
 + Level 4.6 Armour
 + Level 5.3 Dodging
 + Level 5.2 Stealth
 + Level 4.6 Shields
 + Level 4.6 Unarmed Combat
 + Level 4.6 Spellcasting
 + Level 3.8 Conjurations
 + Level 3.8 Hexes
 + Level 3.8 Summonings
 + Level 3.8 Necromancy
 + Level 3.8 Translocations
 + Level 3.8 Transmutations
 + Level 3.8 Fire Magic
 + Level 3.8 Ice Magic
 + Level 3.8 Air Magic
 + Level 3.8 Earth Magic
 + Level 3.8 Poison Magic
 + Level 5.0 Invocations
 + Level 4.6 Evocations


You had 17 spell levels left.
You didn't know any spells.
Your spell library contained the following spells:

 Spells                   Type           Power      Damage    Failure   Level
 Shock                    Conj/Air       40%        1d5       71%         1
 Static Discharge         Conj/Air       10%        N/A       83%         2
 Swiftness                Air            10%        N/A       97%         3
 Airstrike                Air            5%         N/A       100%        4
 Lightning Bolt           Conj/Air       5%         1d17      100%        5


Dungeon Overview and Level Annotations

Branches:
Dungeon (8/15)             Temple (1/1) D:6
   Lair: D:8-11

Altars:
Dithmenos
Elyvilon
Fedhas
Gozag
Hepliaklqana
Kikubaaqudgha
Makhleb
Nemelex Xobeh
Okawaru
Qazlal
Ru
Trog
Uskayaw
Vehumet
Wu Jian
Xom
Yredelemnul
Zin
The Shining One

Shops:
D:2 ?   D:4 **[*

Annotations:
D:3 1 runed translucent door


Innate Abilities, Weirdness & Mutations

You have very sharp teeth.
Your uncanny sense of smell can sniff out nearby items.
Your experience applies equally to all skills.


Message History

Fire: 119 stones
Press: ? - help, Q - select action, (/) - cycle Shift-Dir - straight line, f/p - two-headed ogre
Aim: a two-headed ogre, wielding two +0 giant spiked clubs (lightly wounded, 79% to hit)
You shoot a stone. The stone hits the two-headed ogre!
The stone burns the two-headed ogre.
The two-headed ogre is moderately wounded.
The two-headed ogre barely misses you.
The two-headed ogre hits you but does no damage.
Fire: 118 stones
Press: ? - help, Q - select action, (/) - cycle Shift-Dir - straight line, f/p - two-headed ogre
Aim: a two-headed ogre, wielding two +0 giant spiked clubs (moderately wounded, 80% to hit)
You shoot a stone. The stone hits the two-headed ogre.
The stone burns the two-headed ogre.
The two-headed ogre is heavily wounded.
Fire: 117 stones
Press: ? - help, Q - select action, (/) - cycle Shift-Dir - straight line, f/p - two-headed ogre
Aim: a two-headed ogre, wielding two +0 giant spiked clubs (heavily wounded, 79% to hit)
You shoot a stone. The stone hits the two-headed ogre!
The stone burns the two-headed ogre.
The two-headed ogre is severely wounded.
The two-headed ogre hits you with a +0 giant spiked club!
The two-headed ogre barely misses you.
Fire: 116 stones
Press: ? - help, Q - select action, (/) - cycle Shift-Dir - straight line, f/p - two-headed ogre
Aim: a two-headed ogre, wielding two +0 giant spiked clubs (severely wounded, 79% to hit)
You shoot a stone. The stone hits the two-headed ogre!
The stone burns the two-headed ogre.
The two-headed ogre is almost dead.
The two-headed ogre hits you with a +0 giant spiked club!!
* * * LOW HITPOINT WARNING * * *
The two-headed ogre hits you with a +0 giant spiked club!
* * * LOW HITPOINT WARNING * * *
Fire: 115 stones
Press: ? - help, Q - select action, (/) - cycle Shift-Dir - straight line, f/p - two-headed ogre
Aim: a two-headed ogre, wielding two +0 giant spiked clubs (almost dead, 79% to hit)
You shoot a stone.
The stone hits the two-headed ogre but does no damage.
The two-headed ogre is almost dead.
The two-headed ogre hits you with a +0 giant spiked club!
You die...

....... .......
.......
.......########
#..............
#..............
+..............
#......@.......
###....O.#+####
#....<.#
#....(.#
#....((#
......#+##
...... ......
......


You could see a two-headed ogre.

Vanquished Creatures
  Sigmund (D:6)
  A steam dragon (D:7)
  A water moccasin (D:4)
  4 black bears
  2 ogres
  A necrophage (D:3)
  A centaur (D:4)
  2 phantoms
  A kobold brigand (D:7)
  A scorpion (D:4)
  A wyvern skeleton (D:7)
  A water moccasin skeleton (D:3)
  8 wights
  5 jellies
  A howler monkey (D:6)
  2 bullfrog zombies
  3 centaur zombies
  2 orc priests (D:5)
  2 bullfrog skeletons
  2 hounds (D:6)
  2 centaur skeletons
  Jessica (D:2)
  2 gnoll shamans
  2 orc wizards (D:5)
  Terence (D:2)
  A human skeleton (D:3)
  An iguana (D:3)
  A scorpion zombie (D:5)
  5 adders
  12 gnolls
  A white imp (D:7)
  2 adder skeletons (D:4)
  4 dart slugs
  27 orcs
  3 endoplasms
  4 giant cockroaches
  7 goblins
  5 hobgoblins
  5 jackals
  7 quokkas
  4 ball pythons
  4 bats
  5 frilled lizards
  A goblin skeleton (D:3)
  9 kobolds
  9 rats
167 creatures vanquished.

Vanquished Creatures (others)
  An orc wizard (D:3)
  26 plants (D:7)
27 creatures vanquished.

Grand Total: 194 creatures vanquished

Notes
Turn   | Place    | Note
-------+----------+-------------------------------------------
     0 | D:1      | freelancePsychic the Gnoll Wanderer began the quest for the
                  | Orb.
     0 | D:1      | freelancePsychic set off with the following items: a +2
                  | spear, a +0 quarterstaff, a potion of curing {@q1}, a +0
                  | robe
     0 | D:1      | Reached XP level 1. HP: 26/26 MP: 1/1
   129 | D:1      | Reached XP level 2. HP: 16/33 MP: 2/2
   622 | D:1      | Reached XP level 3. HP: 38/38 MP: 3/3
   990 | D:2      | Reached skill level 1 in Invocations
  1214 | D:2      | Noticed Terence
  1289 | D:2      | Reached skill level 1 in Short Blades
  1289 | D:2      | Reached skill level 1 in Axes
  1289 | D:2      | Reached skill level 1 in Maces & Flails
  1289 | D:2      | Reached skill level 1 in Staves
  1289 | D:2      | Reached skill level 1 in Slings
  1289 | D:2      | Reached skill level 1 in Bows
  1289 | D:2      | Reached skill level 1 in Crossbows
  1289 | D:2      | Reached skill level 1 in Armour
  1289 | D:2      | Reached skill level 1 in Shields
  1289 | D:2      | Reached skill level 1 in Unarmed Combat
  1289 | D:2      | Reached skill level 1 in Spellcasting
  1289 | D:2      | Reached skill level 1 in Evocations
  1327 | D:2      | You fall into a shaft and drop 2 floors!
  1333 | D:4      | Found Zojoubai's General Store.
  1346 | D:4      | Noticed a phantom
  1359 | D:3      | Reached XP level 4. HP: 45/45 MP: 5/5
  1444 | D:3      | Found a runed translucent door.
  1444 | D:3      | Noticed a human
  1445 | D:3      | Found a basalt altar of Yredelemnul.
  1575 | D:3      | Reached skill level 1 in Conjurations
  1575 | D:3      | Reached skill level 1 in Hexes
  1575 | D:3      | Reached skill level 1 in Summonings
  1575 | D:3      | Reached skill level 1 in Necromancy
  1575 | D:3      | Reached skill level 1 in Translocations
  1575 | D:3      | Reached skill level 1 in Transmutations
  1575 | D:3      | Reached skill level 1 in Fire Magic
  1575 | D:3      | Reached skill level 1 in Ice Magic
  1575 | D:3      | Reached skill level 1 in Air Magic
  1575 | D:3      | Reached skill level 1 in Earth Magic
  1575 | D:3      | Reached skill level 1 in Poison Magic
  1575 | D:3      | Reached XP level 5. HP: 40/51 MP: 5/7
  1902 | D:3      | Noticed a necrophage
  1912 | D:3      | Killed a necrophage
  1913 | D:3      | Reached XP level 6. HP: 47/57 MP: 8/8
  2308 | D:3      | Found a burning altar of Makhleb.
  2437 | D:2      | Noticed Jessica
  2452 | D:2      | Killed Jessica
  2629 | D:2      | Found Moupoff's Magic Scroll Boutique.
  2631 | D:2      | Reached skill level 5 in Polearms
  2738 | D:2      | Found a faded altar of an unknown god.
  2999 | D:2      | Killed Terence
  3225 | D:4      | Found Woro Oda's Armour Shop.
  3230 | D:4      | Noticed a water moccasin
  3241 | D:4      | Killed a water moccasin
  3384 | D:3      | Reached XP level 7. HP: 35/63 MP: 10/10
  3692 | D:4      | Reached skill level 9 in Fighting
  3910 | D:4      | Reached XP level 8. HP: 71/71 MP: 12/12
  4613 | D:4      | Found a shimmering altar of Xom.
  4614 | D:4      | Found a shimmering altar of Xom.
  4614 | D:4      | Found a shimmering altar of Xom.
  4629 | D:4      | Identified the +5 hunting sling of the Wilderness {flame,
                  | rElec rPois Int-2 SInv}
  4691 | D:4      | Found Qacsoam's General Store.
  4916 | D:4      | Found Anatesia's General Store.
  5292 | D:5      | Entered Level 5 of the Dungeon
  5372 | D:5      | Found a shadowy altar of Dithmenos.
  5535 | D:5      | Found a bloodstained altar of Trog.
  6353 | D:6      | Found a hazy altar of Hepliaklqana.
  6361 | D:6      | Reached XP level 9. HP: 76/76 MP: 14/14
  6678 | D:6      | Found a staircase to the Ecumenical Temple.
  6744 | D:6      | Noticed Sigmund
  6752 | D:6      | Killed Sigmund
  6753 | D:6      | Reached skill level 5 in Long Blades
  6753 | D:6      | Reached skill level 5 in Throwing
  6753 | D:6      | Reached skill level 5 in Dodging
  6917 | Temple   | Entered the Ecumenical Temple
  7658 | D:7      | Reached skill level 5 in Stealth
  7815 | D:7      | Found an iron altar of Okawaru.
  7823 | D:7      | Became a worshipper of Warmaster Okawaru
  8220 | D:7      | Found a white marble altar of Elyvilon.
  8494 | D:7      | Reached skill level 5 in Invocations
  8651 | D:7      | Found an opulent altar of Gozag.
  8773 | D:8      | Noticed a two-headed ogre
  8784 | D:8      | Slain by a two-headed ogre

Illustrated notes

Levels and vault maps discovered:
D:1:      minmay_arrival_pointy, layout_basic
D:2:      layout_rooms, serial_shops, shop,
          shapermc_ecumenical_altar_notcrosses, uniq_jessica, uniq_terence
D:3:      layout_basic, nicolae_overflow_crystal_walls, dk_yredelemnul_ordeal,
          kennysheep_generic_room_11
D:4:      layout_basic, xom_redecorated, serial_shops, shop, shop, shop_statue,
          shop, nrook_mini_backslash, roderic_cross_of_infinity
D:5:      layout_loops_corners, trog_antimagical, lemuel_tele_altar
D:6:      layout_rooms, overflow_temple_1_default,
          nicolae_overflow_hidden_temple, temple_pool_b, serial_rivers,
          chequers_serial_rivers_large_a, chequers_serial_rivers_room_a,
          chequers_serial_rivers_micro_a, chequers_serial_rivers_large_b,
          minmay_splitting_lines, uniq_sigmund
D:7:      layout_basic, lemuel_coloured_pillars_altar, elyvilon_altar_4,
          okawaru_trees_1, serial_bayou_lagoon_a
D:8:      layout_gridville, erik_lair_island, serial_shops, shop,
          chequers_jeans, minmay_starry_boxes
Temple:   eino_wide_crystal_templ

Skill      XL: |  1  2  3  4  5  6  7  8  9 |
---------------+----------------------------+-----
Invocations    | 1 2 3 4 5 |  5.0
Short Blades   | 1 2 3 4 |  4.6
Axes           | 1 2 3 4 |  4.6
Maces & Flails | 1 2 3 4 |  4.6
Staves         | 1 2 3 4 |  4.6
Slings         | 1 2 3 4 |  4.6
Bows           | 1 2 3 4 |  4.6
Crossbows      | 1 2 3 4 |  4.6
Armour         | 1 2 3 4 |  4.6
Shields        | 1 2 3 4 |  4.6
Unarmed Combat | 1 2 3 4 |  4.6
Spellcasting   | 1 2 3 4 |  4.6
Evocations     | 1 2 3 4 |  4.6
Conjurations   | 1 2 3 |  3.8
Hexes          | 1 2 3 |  3.8
Summonings     | 1 2 3 |  3.8
Necromancy     | 1 2 3 |  3.8
Translocations | 1 2 3 |  3.8
Transmutations | 1 2 3 |  3.8
Fire Magic     | 1 2 3 |  3.8
Ice Magic      | 1 2 3 |  3.8
Air Magic      | 1 2 3 |  3.8
Earth Magic    | 1 2 3 |  3.8
Poison Magic   | 1 2 3 |  3.8
Long Blades    | 3 4 5 |  5.3
Throwing       | 3 4 5 |  5.3
Dodging        | 3 4 5 |  5.3
Stealth        | 3 4 5 |  5.2
Polearms       | 5 6 |  6.5
Fighting       | 9 |  9.7

Action                   |  1- 3 |  4- 6 |  7- 9 || total
-------------------------+-------+-------+-------++-------
Melee: Spear             |   106 |   185 |   201 ||   492
       Bite              |     6 |    16 |    27 ||    49
       Punch             |       |     1 |       ||     1
 Fire: Hunting sling     |       |       |   253 ||   253
  Use: Scroll            |     3 |     3 |       ||     6
 Stab: Sleeping          |     1 |       |       ||     1
Armor: Robe              |    10 |       |       ||    10
       Ring mail         |    27 |    23 |       ||    50
       Chain mail        |       |    36 |   190 ||   226
Dodge: Dodged            |    64 |    56 |    87 ||   207

Table legend: (Time is in decaauts)
 A = Elapsed time spent in this place.
 B = Non-inter-level travel time spent in this place.
 C = Inter-level travel time spent in this place.
 D = Time resting spent in this place.
 E = Time spent auto-exploring this place.
 F = Levels seen in this place.
 G = Mean time per level.
                   A        B        C        D        E       F      G
               +--------+--------+--------+--------+--------+-----+--------+
         Total |   8785 |   8236 |    549 |    751 |   6255 |   9 |  976.1 |
       Dungeon |   8711 |   8186 |    525 |    751 |   6205 |   8 | 1088.9 |
        Temple |     73 |     50 |     23 |      0 |     50 |   1 |   73.0 |
               +--------+--------+--------+--------+--------+-----+--------+

Top non-repeatable levels by time:
     D:4: 1609 daAuts
     D:3: 1478 daAuts
     D:6: 1257 daAuts
     D:7: 1173 daAuts
     D:2: 1141 daAuts
     D:5: 1044 daAuts
     D:1: 998 daAuts
  Temple: 73 daAuts
     D:8: 10 daAuts
